 Dungeon Sprint DCSS version 0.21-a0-72-gbbb65ab (webtiles) character file.

8946 Kidiri the Fighter (level 11, 0/114 HPs)
             Began as a Red Draconian Transmuter on June 20, 2017.
             Was the Champion of Wu Jian.
             Killed by vampiric draining
             ... invoked by a vampire
              (9 damage)
             ... in the Dungeon (Sprint VII: "The Pits").
             The game lasted 00:11:35 (1702 turns).

Kidiri the Fighter (Red Draconian Transmuter)       Turns: 1702, Time: 00:11:36

Health: 0/114      AC: 13    Str: 14    XL:     11   Next: 16%
Magic:  21/25      EV: 18    Int: 18    God:    Wu Jian [******]
Gold:   0          SH:  0    Dex: 14    Spells: 15/30 levels left

rFire    + . .     SeeInvis .     - Unarmed
rCold    . . .     Gourm    .   (shield currently unavailable)
rNeg     . . .     Faith    .   (armour unavailable)
rPois    .         Spirit   .   x - +2 hat
rElec    .         Reflect  .   w - +0 cloak
rCorr    .         Harm     .   (gloves currently unavailable)
MR       .....     NoTele   +   (no boots)
Stlth    ++........             (no amulet)
HPRegen  0.29/turn              q - +3 ring of intelligence
MPRegen  0.19/turn              r - +3 ring of protection

@: blade hands (expiring), glowing, heavenly storm
A: breathe fire, unfitting armour, horns 1, clever 1, fire resistance 1, robust
1, cold-blooded, AC +7
a: Breathe Fire, End Transformation, Serpent's Lash, Heavenly Storm, Renounce
Religion


You were in the Dungeon.
You worshipped Wu Jian.
Wu Jian was exalted by your worship.
You were very hungry.
You had blades for hands.
You visited 1 branch

Inventory:

Missiles
 a - 11 arrows
Armour
 v - a +0 pair of gloves (melded)
 w - a +0 cloak (worn)
 x - a +2 hat (worn)
Jewellery
 q - a +3 ring of intelligence (left scythe-like blade)
 r - a +3 ring of protection (right scythe-like blade)
Scrolls
 i - a scroll of blinking
 k - 3 scrolls of remove curse
 l - 5 scrolls of amnesia
 m - a scroll of summoning
Potions
 d - 6 potions of curing
 f - a potion of haste
 g - 4 potions of magic
 h - 2 potions of berserk rage
 j - 2 potions of invisibility
 s - 2 potions of agility
 t - 2 potions of might
 u - a potion of mutation
Books
 b - a book of Changes

   Spells                             Type                      Level
   a - Beastly Appendage              Transmutation                1
   b - Sticks to Snakes               Transmutation                2
   c - Spider Form                    Transmutation/Poison         3
   d - Ice Form                       Ice/Transmutation            4
   e - Blade Hands                    Transmutation                5
Comestibles
 c - 8 bread rations
 n - 40 fruits
 o - 7 meat rations


   Skills:
 * Level 11.6 Fighting
 * Level 10.0 Dodging
 * Level 11.0 Stealth
 * Level 11.3 Unarmed Combat
 * Level 10.1 Spellcasting
 * Level 11.0 Transmutations
 + Level 4.5 Ice Magic
 + Level 6.8 Poison Magic


You had 15 spell levels left.
You knew the following spells:

 Your Spells              Type           Power        Failure   Level  Hunger
a - Beastly Appendage     Tmut           #####.       7%          1    None
b - Sticks to Snakes      Tmut           #####...     8%          2    None
c - Spider Form           Tmut/Pois      #####.....   12%         3    None
d - Ice Form              Ice/Tmut       #####...     26%         4    ###....
e - Blade Hands           Tmut           #####.....   22%         5    #####..


Dungeon Overview and Level Annotations

Branches:
Dungeon (1/1)

Altars:
Ashenzari
Cheibriados
Dithmenos
Elyvilon
Fedhas
Gozag
Hepliaklqana
Kikubaaqudgha
Makhleb
Nemelex Xobeh
Okawaru
Qazlal
Ru
Sif Muna
Trog
Uskayaw
Vehumet
Wu Jian
Xom
Yredelemnul
Zin
The Shining One
Beogh
Jiyva
Lugonu


Innate Abilities, Weirdness & Mutations

You can breathe blasts of fire.
Your fiery red scales are hard. (AC +7)
You cannot fit into any form of body armour.
Your flesh is heat resistant. (rF+)
You are cold-blooded and may be slowed by cold attacks.
You have a pair of small horns on your head.
Your mind is acute. (Int +2)
You are robust. (+10% HP)


Message History

Your Transmutations skill increases to level 11!
You repeatedly attack the tarantella from above.
You slice the tarantella!!
The tarantella is almost dead.
You shred the tarantella!!!
You kill the tarantella!
The Council accepts your kill.
Your Dodging skill increases to level 10!
You repeatedly attack the orc wizard from above.
You slice the orc wizard!!
You kill the orc wizard!
The Council accepts your kill.
You attack the vampire from above.
You slice the vampire!!
The vampire is severely damaged.
The kobold demonologist is distracted by your jump.
The orc is distracted by your jump. x2
A death yak, a kobold demonologist, 3 orcs and an orc knight come into view.
The kobold demonologist shouts!
You hear a shout!
The vampire is infused with unholy energy.
You die...

.#......# ........#
#''######
#''############
#.)....+..§§§§###
#......+..§§§§§§##
#.....##..##§§§§§##
#...###....###§§V§#
#..##........###@##
#''#...#..#...#§o§o#
#..)..........+§Ko§Y..
#++#...#..#...#.o..#..#
#.)##........###.### .#
#...###....### ... .#
#.....##..## ..# #
##.....+..+ .##
###...+..+


You could see an orc knight, a kobold demonologist, a vampire and 2 orcs.

Vanquished Creatures
  Gastronok (D)
  A centaur warrior (D)
  A two-headed ogre (D)
  An unseen horror (D)
  A deep troll (D)
  2 orc knights (D)
  A deep elf mage (D)
  A smoke demon (D)
  A molten gargoyle (D)
  A gargoyle (D)
  2 kobold demonologists (D)
  A hellwing (D)
  A redback (D)
  2 tarantellas (D)
  A porcupine (D)
  3 orc warriors (D)
  An ogre (D)
  An ice beast (D)
  6 wolves (D)
  A gnoll sergeant (D)
  3 killer bees (D)
  6 wights (D)
  A crimson imp (D)
  An orc priest (D)
  A gnoll shaman (D)
  An orc wizard (D)
  A mummy (D)
  10 gnolls (D)
  3 river rats (D)
  3 ufetubi (D)
  An adder zombie (D)
  8 orcs (D)
  2 giant cockroaches (D)
  A hobgoblin (D)
  A ball python (D)
  2 bats (D)
  2 kobolds (D)
77 creatures vanquished.

Notes
Turn   | Place    | Note
-------+----------+-------------------------------------------
     0 | D        | Kidiri the Draconian Transmuter began the quest for the Orb.
     0 | D        | Reached XP level 1. HP: 16/16 MP: 3/3
    21 | D        | Reached skill level 1 in Stealth
    52 | D        | Found a bloodstained altar of Trog.
    52 | D        | Found a deep blue altar of Sif Muna.
    52 | D        | Found a viscous altar of Jiyva.
    52 | D        | Found a hazy altar of Hepliaklqana.
    52 | D        | Found an opulent altar of Gozag.
    53 | D        | Found a glowing golden altar of the Shining One.
    53 | D        | Found a glowing silver altar of Zin.
    53 | D        | Found a basalt altar of Yredelemnul.
    53 | D        | Found a shimmering altar of Xom.
    53 | D        | Found an ornate altar of the Wu Jian Council.
    53 | D        | Found a sacrificial altar of Ru.
    53 | D        | Found a stormy altar of Qazlal.
    53 | D        | Found an iron altar of Okawaru.
    53 | D        | Found a sparkling altar of Nemelex Xobeh.
    53 | D        | Found a burning altar of Makhleb.
    53 | D        | Found a blossoming altar of Fedhas.
    53 | D        | Found a white marble altar of Elyvilon.
    53 | D        | Found a shadowy altar of Dithmenos.
    53 | D        | Found a snail-covered altar of Cheibriados.
    55 | D        | Found a radiant altar of Vehumet.
    55 | D        | Found a corrupted altar of Lugonu.
    55 | D        | Found a roughly hewn altar of Beogh.
    56 | D        | Found a hide-covered altar of Uskayaw.
    56 | D        | Found an ancient bone altar of Kikubaaqudgha.
    56 | D        | Found a shattered altar of Ashenzari.
    62 | D        | Became a worshipper of the Wu Jian Council
   133 | D        | Reached * piety under Wu Jian
   133 | D        | Reached XP level 2. HP: 18/25 MP: 2/5
   222 | D        | Learned a level 2 spell: Sticks to Snakes
   373 | D        | Reached ** piety under Wu Jian
   577 | D        | Reached XP level 3. HP: 30/30 MP: 2/7
   584 | D        | Noticed an ice beast
   584 | D        | Reached *** piety under Wu Jian
   585 | D        | Reached XP level 4. HP: 38/38 MP: 3/9
   589 | D        | Killed an ice beast
   589 | D        | Reached **** piety under Wu Jian
   589 | D        | Reached skill level 5 in Unarmed Combat
   589 | D        | Reached XP level 5. HP: 47/47 MP: 3/11
   626 | D        | Reached ***** piety under Wu Jian
   647 | D        | Reached skill level 5 in Fighting
   647 | D        | Reached skill level 5 in Transmutations
   674 | D        | Learned a level 3 spell: Spider Form
   680 | D        | Learned a level 5 spell: Blade Hands
   847 | D        | Noticed a porcupine
   848 | D        | Reached skill level 5 in Stealth
   848 | D        | Reached XP level 6. HP: 56/56 MP: 9/13
   849 | D        | Reached skill level 5 in Spellcasting
   851 | D        | Killed a porcupine
   851 | D        | Reached skill level 5 in Dodging
   851 | D        | Reached skill level 1 in Poison Magic
   888 | D        | Learned a level 4 spell: Ice Form
   889 | D        | Noticed a two-headed ogre
   897 | D        | Your scales start taking on a fiery red colour.
   897 | D        | Reached XP level 7. HP: 29/64 MP: 12/15
   897 | D        | Gained mutation: Your flesh is heat resistant. (rF+) [Red Draconian growth]
   900 | D        | Reached ****** piety under Wu Jian
   905 | D        | Killed a two-headed ogre
   905 | D        | Reached XP level 8. HP: 35/74 MP: 13/18
  1089 | D        | Gained mutation: Your mind is acute. (Int +2) [potion of mutation]
  1089 | D        | Gained mutation: You have a pair of small horns on your head. [potion of mutation]
  1089 | D        | Gained mutation: You are robust. (+10% HP) [potion of mutation]
  1156 | D        | Noticed a gargoyle
  1161 | D        | Killed a gargoyle
  1162 | D        | Reached skill level 1 in Ice Magic
  1166 | D        | Noticed a deep troll
  1167 | D        | Noticed Gastronok
  1168 | D        | Noticed a kobold demonologist
  1169 | D        | Noticed a kobold demonologist
  1172 | D        | Killed a deep troll
  1172 | D        | Reached XP level 9. HP: 85/91 MP: 15/20
  1179 | D        | Killed a kobold demonologist
  1183 | D        | Reached skill level 5 in Poison Magic
  1186 | D        | Noticed a hellwing
  1190 | D        | Noticed a smoke demon
  1191 | D        | Noticed a red devil
  1191 | D        | Noticed a molten gargoyle
  1196 | D        | Killed a molten gargoyle
  1197 | D        | Reached skill level 10 in Fighting
  1198 | D        | Killed a smoke demon
  1198 | D        | Reached XP level 10. HP: 9/102 MP: 14/22
  1201 | D        | Reached skill level 10 in Unarmed Combat
  1203 | D        | Killed Gastronok
  1203 | D        | Reached skill level 10 in Stealth
  1203 | D        | Reached skill level 10 in Transmutations
  1686 | D        | Noticed a centaur warrior
  1686 | D        | Noticed an orc knight
  1687 | D        | Noticed an orc knight
  1688 | D        | Noticed a deep elf mage
  1688 | D        | Killed a centaur warrior
  1692 | D        | Killed an orc knight
  1694 | D        | Killed an orc knight
  1697 | D        | HP: 4/105 [orc warrior/halberd[an orc knight] (37)]
  1698 | D        | Killed a deep elf mage
  1698 | D        | Reached XP level 11. HP: 4/112 MP: 20/24
  1701 | D        | Reached skill level 10 in Spellcasting
  1702 | D        | Killed an unseen horror
  1702 | D        | Reached skill level 10 in Dodging
  1702 | D        | Noticed a death yak
  1702 | D        | Noticed an orc knight
  1702 | D        | Killed from afar by a vampire

Vault maps used:
D:        pitsprint

Skill      XL: |  1  2  3  4  5  6  7  8  9 10 11 |
---------------+----------------------------------+-----
Dodging        | 2 3 4 5 6 7 8 9 10 | 10.0
Stealth        | 1 2 3 4 5 6 7 8 9 10 11 | 11.0
Fighting       | 2 3 4 5 6 8 9 10 11 | 11.6
Transmutations | 3 4 5 6 7 8 9 10 11 | 11.0
Unarmed Combat | 4 5 6 8 9 11 | 11.3
Spellcasting   | 3 4 5 7 8 9 10 | 10.1
Poison Magic   | 2 3 4 5 6 |  6.8
Ice Magic      | 1 2 4 |  4.5

Action                   |  1- 3 |  4- 6 |  7- 9 | 10-12 || total
-------------------------+-------+-------+-------+-------++-------
Melee: Unarmed           |    55 |    78 |    45 |    40 ||   218
       Tailslap          |     3 |     8 |     3 |     3 ||    17
       Headbutt          |     6 |     8 |     4 |     3 ||    21
       Kick              |     1 |     1 |       |       ||     2
       Punch             |       |     1 |       |     4 ||     5
 Cast: Beastly Appendage |     9 |     4 |       |       ||    13
       Sticks to Snakes  |     1 |       |       |       ||     1
       Spider Form       |       |     2 |       |       ||     2
       Blade Hands       |       |       |     2 |     1 ||     3
Invok: Serpent's Lash    |       |     1 |     1 |     1 ||     3
       Heavenly Storm    |       |     1 |     1 |     1 ||     3
 Abil: Breathe Fire      |       |       |     1 |       ||     1
  Use: Potion            |     1 |     4 |     3 |     2 ||    10
 Stab: Sleeping          |       |     5 |     1 |       ||     6
  Eat: Chunk             |       |       |     1 |     2 ||     3
Armor: Skin              |    13 |    22 |    11 |     2 ||    48
Dodge: Dodged            |    50 |    76 |    55 |    13 ||   194
